[Event "Chinese League Div-A Rapid 2022"]
[Site "Fuling,Chongqing"]
[Date "2022.09.14"]
[Round "7.22"]
[White "Li, Di"]
[Black "Zhang, Pengxiang"]
[Result "1/2-1/2"]
[ECO "A16"]
[WhiteElo "2575"]
[BlackElo "2564"]
[Annotator "TA"]
[PlyCount "172"]
[EventDate "2022.09.07"]
[EventType "team-tourn"]
[EventCountry "CHN"]
[SourceTitle "playchess.com"]
[Source "ChessBase"]
[SourceQuality "1"]
[TimeControl "1500+10"]

1. Nf3 Nf6 2. c4 g6 3. Nc3 d5 4. cxd5 Nxd5 5. h4 Bg7 6. e4 Nxc3 7. dxc3 Qxd1+ 8. Kxd1 Nd7 9. Nd4 a6 10. Be3 e5 11. Nb3 b6 12. f3 Bb7 13. Kc2 f5 14. Nd2 O-O-O 15. Bd3 Rhf8 16. h5 f4 17. Bf2 g5 18. h6 Bf6 19. Bc4 Rde8 20. b4 Bd8 21. a4 Rf6 22. Rad1 Be7 23. Nb3 Rd8 24. b5 axb5 25. axb5 Nf8 26. Bd5 Bxd5 27. Rxd5 Rxd5 28. exd5 Nd7 29. Nd2 Rg6 30. Kd3 Bc5 31. Be1 Bf8 32. Ne4 g4 33. c4 gxf3 (33... Bd6 {seems wilder.} 34. Rh5 gxf3 35. gxf3 Bf8) 34. gxf3 Rxh6 35. Rxh6 Bxh6 36. Bb4 Bf8 37. Bxf8 Nxf8 38. Nf6 Nd7 39. Nxh7 Nc5+ 40. Ke2 Na4 41. Kd3 Nc5+ 42. Ke2 Na4 43. Kd3 Nb2+ 44. Kc3 e4 45. Ng5 ({But not} 45. Kxb2 $2 exf3 46. Ng5 f2 $19) 45... Na4+ (45... e3 $5 46. Nh3 (46. Kxb2 $2 e2 $19) 46... Nxc4 47. Nxf4 (47. Kxc4 $2 e2 $19) 47... Nd6 $11) 46. Kc2 exf3 47. Nxf3 Nc5 48. Kc3 Kd7 49. Kd4 Kd6 50. Nd2 Nd7 51. Ne4+ Ke7 52. Ng5 Kd6 53. Nh3 f3 54. Ng5 Nc5 55. Nxf3 Nb3+ 56. Kc3 Nc5 57. Ne1 Ne4+ 58. Kd4 Nd2 59. Nd3 Nf3+ 60. Ke3 Ng5 61. Kf4 $1 Nf7 62. Kf5 Nd8 63. Ke4 Nf7 64. Kd4 Nh6 65. Nf2 Nf5+ 66. Ke4 Ng3+ 67. Kd4 Nf5+ 68. Kd3 Ne7 69. Ne4+ Ke5 70. Ng5 Kd6 71. Nf7+ $1 Kc5 72. Nd8 Nf5 73. Ne6+ Kd6 74. Ke4 Ng3+ 75. Kd3 Nf5 76. Ng5 Nh4 77. Ke4 Ng6 78. Kf5 Ne7+ 79. Ke4 Kc5 80. Kd3 Kd6 81. Nf7+ Kc5 82. Ne5 Kd6 83. Ng4 Nxd5 84. cxd5 Kxd5 85. Nf6+ Kc5 86. Ne8 Kxb5 1/2-1/2

[Event "Chinese League Div-A Rapid 2022"]
[Site "Fuling,Chongqing"]
[Date "2022.09.14"]
[Round "7.23"]
[White "Xu, Xiangyu"]
[Black "Peng, Xiongjian"]
[Result "1-0"]
[ECO "E01"]
[WhiteElo "2571"]
[BlackElo "2454"]
[Annotator "TA"]
[PlyCount "59"]
[EventDate "2022.09.07"]
[EventType "team-tourn"]
[EventCountry "CHN"]
[SourceTitle "playchess.com"]
[Source "ChessBase"]
[SourceQuality "1"]
[TimeControl "1500+10"]

1. Nf3 d5 2. d4 Nf6 3. c4 e6 4. g3 Bb4+ 5. Nbd2 O-O 6. Bg2 c5 7. cxd5 {[%emt 0:00:45] E01: Catalan: Early deviations.} Nxd5 8. a3 Bxd2+ 9. Qxd2 {[%emt 0:00:02] White is slightly better.} cxd4 10. O-O Nc6 11. Nxd4 {[%emt 0:00:11] [#]} Nxd4 $146 ({Predecessor:} 11... Bd7 12. b4 Nxd4 13. Qxd4 Bc6 14. Bb2 f6 15. Rfd1 Qe8 16. Rac1 a6 17. e4 Ne7 {1-0 (31) Maris,I (2363)-Wolters,V (1774) Groningen 2016}) 12. Qxd4 Bd7 13. b3 ({Reject} 13. Bxd5 Bb5 $11) 13... Qf6 14. Qxf6 Nxf6 15. Bxb7 {[%emt 0:00:09] [#] aiming for Bf4.} Rab8 16. Ba6 Rxb3 17. Be3 {[%emt 0:00:03] A strong pair of Bishops.} Bb5 18. Bxb5 Rxb5 19. Bxa7 Ne4 (19... Ra5 $16 20. Bb6 Ra4) 20. a4 $18 Rb7 21. Be3 {[%emt 0:00:36] Threatens to win with Rfc1.} Ra8 22. Rfc1 {[%emt 0:00:18] Inhibits Nc3. And now a5 would win.} Rb3 $2 {[%emt 0:02:27] [#]} (22... h5 23. a5 Ra6) 23. a5 Nc3 24. Kf1 f6 25. a6 Kf7 26. a7 Ke7 27. Bd2 Nb5 28. Rab1 ({Don't do} 28. Be3 Kd7 29. Rd1+ Kc8 $18) 28... Nd4 29. Be3 e5 (29... Rxb1 $142 30. Rxb1 Nc6 31. Bc5+ Kf7 32. Rb7+ Kg8) 30. Bxd4 {[%emt 0:00:14] Black did not feel at home in the position after the opening.  Weighted Error Value: White=0.05 (flawless) /Black=0.29 (precise)} 1-0

[Event "Chinese League Div-A Rapid 2022"]
[Site "Fuling,Chongqing"]
[Date "2022.09.14"]
[Round "7.24"]
[White "Zhang, Lanlin"]
[Black "Ren, Xiaoyi"]
[Result "1/2-1/2"]
[ECO "C77"]
[WhiteElo "2135"]
[BlackElo "2250"]
[Annotator "NA RC"]
[PlyCount "64"]
[EventDate "2022.09.07"]
[EventType "team-tourn"]
[EventCountry "CHN"]
[SourceTitle "playchess.com"]
[Source "ChessBase"]
[SourceQuality "1"]
[TimeControl "1500+10"]

1. e4 e5 2. Nf3 Nc6 3. Bb5 a6 4. Ba4 Nf6 5. d3 b5 6. Bb3 h6 7. Nc3 Be7 8. a4 b4 9. Nd5 O-O 10. c3 Rb8 11. Bc2 d6 12. O-O Bg4 13. Ne3 Bh5 14. Nf5 Re8 15. Ng3 Bg4 16. h3 Bd7 17. d4 Bf8 18. Bd2 bxc3 19. Bxc3 exd4 20. Nxd4 Nxd4 21. Qxd4 Bc6 22. Rad1 d5 23. e5 Nd7 24. Rfe1 Bc5 25. Qd3 Nf8 26. Qxa6 Rb6 27. Qe2 Qg5 28. Bd4 Bxd4 29. Rxd4 f6 30. Qd3 fxe5 31. Rg4 e4 32. Qd1 Qe5 1/2-1/2

[Event "Chinese League Div-A Rapid 2022"]
[Site "Fuling,Chongqing"]
[Date "2022.09.14"]
[Round "7.25"]
[White "Zhang, Xiaowen"]
[Black "Chu, Ruotong"]
[Result "1-0"]
[ECO "C42"]
[WhiteElo "2307"]
[BlackElo "2185"]
[Annotator "RC"]
[PlyCount "93"]
[EventDate "2022.09.07"]
[EventType "team-tourn"]
[EventCountry "CHN"]
[SourceTitle "playchess.com"]
[Source "ChessBase"]
[SourceQuality "1"]
[TimeControl "1500+10"]

1. e4 e5 2. Nf3 Nf6 3. Nxe5 d6 4. Nf3 Nxe4 5. Bd3 Nf6 6. O-O Be7 7. h3 O-O 8. c3 b6 9. Bc2 Bb7 10. Re1 Re8 11. d4 Nbd7 12. Nbd2 Bf8 13. Rxe8 Qxe8 14. Nf1 Ne4 15. Qd3 Ndf6 16. N3h2 Nd7 17. f3 Nef6 18. Bg5 g6 19. Qd2 Bg7 20. Ba4 Qf8 21. Re1 Re8 22. Bxf6 Rxe1 23. Bxg7 Qe7 24. Bxd7 Kxg7 25. Bb5 h5 26. Bc4 d5 27. Bd3 c5 28. f4 c4 29. Nf3 Ra1 30. Bc2 Rxa2 31. Qc1 f5 32. Ne5 b5 33. Ne3 b4 34. Bxf5 bxc3 35. Qxc3 Qf6 36. Nxg6 Qb6 37. Nd1 Ra1 38. Bc2 Rxd1+ 39. Bxd1 Qxg6 40. Qe3 Qb1 41. Qe5+ Kg6 42. Qxh5+ Kf6 43. Kh2 Qxb2 44. Qe5+ Kf7 45. Bh5+ Kf8 46. Qf6+ Kg8 47. Bf7+ 1-0

[Event "Chinese League Div-A Rapid 2022"]
[Site "Fuling,Chongqing"]
[Date "2022.09.14"]
[Round "7.26"]
[White "Huang, Renjie"]
[Black "Xiao, Tong"]
[Result "1-0"]
[ECO "C07"]
[WhiteElo "2446"]
[BlackElo "2027"]
[Annotator "RC"]
[PlyCount "85"]
[EventDate "2022.09.07"]
[EventType "team-tourn"]
[EventCountry "CHN"]
[SourceTitle "playchess.com"]
[Source "ChessBase"]
[SourceQuality "1"]
[TimeControl "1500+10"]

1. e4 e6 2. d4 d5 3. Nd2 c5 4. exd5 Qxd5 5. Ngf3 cxd4 6. Bc4 Qd6 7. Ne4 Qb4+ 8. Nfd2 Nc6 9. O-O Bd7 10. c3 Qb6 11. Bb3 Na5 12. Ba4 Bxa4 13. Qxa4+ Nc6 14. Nc4 Qa6 15. Qb3 Nf6 16. Ned6+ Bxd6 17. Nxd6+ Ke7 18. Nb5 Rad8 19. a4 Qb6 20. Qa3+ Kd7 21. cxd4 Nd5 22. Bg5 Nce7 23. Bxe7 Nxe7 24. Rac1 Rc8 25. Rc5 Nd5 26. Qf3 Ne7 27. Rfc1 Rc6 28. Qxf7 a6 29. Rxc6 bxc6 30. d5 exd5 31. Re1 axb5 32. Rxe7+ Kc8 33. Qe6+ Kb8 34. axb5 Rc8 35. Qd6+ Ka8 36. Qd7 Kb8 37. bxc6 Qa6 38. h3 Rxc6 39. Re8+ Rc8 40. Rxc8+ Qxc8 41. Qxc8+ Kxc8 42. f4 Kd7 43. Kf2 1-0

[Event "Chinese League Div-A Rapid 2022"]
[Site "Fuling,Chongqing"]
[Date "2022.09.14"]
[Round "7.27"]
[White "Liu, Qingnan"]
[Black "Zou, Chen"]
[Result "1-0"]
[ECO "E62"]
[WhiteElo "2542"]
[BlackElo "2432"]
[Annotator "RC"]
[PlyCount "63"]
[EventDate "2022.09.07"]
[EventType "team-tourn"]
[EventCountry "CHN"]
[SourceTitle "playchess.com"]
[Source "ChessBase"]
[SourceQuality "1"]
[TimeControl "1500+10"]

1. Nf3 Nf6 2. d4 g6 3. c4 Bg7 4. g3 O-O 5. Bg2 d6 6. O-O Nc6 7. Nc3 Bg4 8. h3 Bxf3 9. Bxf3 Nd7 10. e3 e5 11. d5 Ne7 12. e4 h5 13. Be3 Kh7 14. Qd2 Ng8 15. b4 a5 16. a3 Bh6 17. Kg2 Bxe3 18. Qxe3 b6 19. Be2 Ne7 20. f4 f5 21. Bd3 Kg7 22. fxe5 Nxe5 23. Ne2 axb4 24. Nd4 Rf6 25. exf5 Nxd3 26. fxg6 Nxg6 27. Qxd3 Nf8 28. Nc6 Qe8 29. Rae1 Qg6 30. Re7+ Kh8 31. Qd4 Qc2+ 32. Kg1 1-0

[Event "Chinese League Div-A Rapid 2022"]
[Site "Fuling,Chongqing"]
[Date "2022.09.14"]
[Round "7.28"]
[White "Zhao, Jun"]
[Black "Zhou, Weiqi"]
[Result "1/2-1/2"]
[ECO "C47"]
[WhiteElo "2619"]
[BlackElo "2597"]
[Annotator "TA"]
[PlyCount "55"]
[EventDate "2022.09.07"]
[EventType "team-tourn"]
[EventCountry "CHN"]
[SourceTitle "playchess.com"]
[Source "ChessBase"]
[SourceQuality "1"]
[TimeControl "1500+10"]

1. e4 e5 2. Nf3 Nf6 3. Nc3 Nc6 4. d4 exd4 5. Nxd4 Bb4 6. Nxc6 bxc6 7. Bd3 d5 8. exd5 O-O 9. O-O cxd5 10. Bg5 c6 11. Qf3 h6 12. Bxf6 Qxf6 13. Qxf6 gxf6 14. Ne2 Rb8 {[%emt 0:01:01] is cutting edge theory.} 15. Nd4 {[%emt 0:00:23] C47: Scotch Four Knights and Four Knights with 4 g3.} Rb6 (15... Bc5 {seems wilder.} 16. Nxc6 Rxb2 17. Rfb1 Rb6) 16. Nf5 Bxf5 17. Bxf5 {[%emt 0:00:02] White has an edge.} Re8 {[%emt 0:00:11] [#]} 18. Rab1 $146 ({Predecessor:} 18. Rad1 Re5 19. Bd3 Rb8 20. g3 Ba5 21. b3 Rbe8 22. Ba6 Bc3 23. Rd3 d4 24. Rf3 {½-½ (46) Moranda,W (2618)-Wojtaszek,R (2694) Bydgoszcz 2021}) 18... Re5 19. Bd3 Rb8 20. g3 Bd6 21. Kg2 Kg7 22. Rfd1 a5 23. Kf1 Bc5 24. Kg2 Bd6 25. Kf1 Bc5 26. Kg2 Bd6 27. Kf1 Bc5 28. Kg2 {[%emt 0:00:01] Weighted Error Value: White=0.15 (very precise) /Black=0.03 (flawless)} 1/2-1/2

[Event "Chinese League Div-A Rapid 2022"]
[Site "Fuling,Chongqing"]
[Date "2022.09.14"]
[Round "7.29"]
[White "Zhou, Guijue"]
[Black "Gu, Xiaobing"]
[Result "1/2-1/2"]
[ECO "B55"]
[WhiteElo "2225"]
[BlackElo "2219"]
[Annotator "NA RC"]
[PlyCount "62"]
[EventDate "2022.09.07"]
[EventType "team-tourn"]
[EventCountry "CHN"]
[SourceTitle "playchess.com"]
[Source "ChessBase"]
[SourceQuality "1"]
[TimeControl "1500+10"]

1. e4 c5 2. Nf3 d6 3. d4 cxd4 4. Nxd4 Nf6 5. f3 e5 6. Nb3 Be7 7. c4 a5 8. Be3 a4 9. N3d2 Nc6 10. Nc3 Qa5 11. Be2 O-O 12. O-O Bd8 13. Nd5 Nxd5 14. cxd5 Bb6 15. Bxb6 Qxb6+ 16. Kh1 Nd4 17. Nc4 Qd8 18. Bd3 f5 19. f4 b5 20. Ne3 fxe4 21. Bxe4 Qh4 22. g3 Qh6 23. Ng2 Bh3 24. Qd3 Bg4 25. Rf2 Ra7 26. Raf1 Raf7 27. Kg1 Qh5 28. Re1 Bh3 29. Ref1 Bg4 30. Re1 Bh3 31. Ref1 Bg4 1/2-1/2

[Event "Chinese League Div-A Rapid 2022"]
[Site "Fuling,Chongqing"]
[Date "2022.09.14"]
[Round "7.30"]
[White "Zhao, Shengxin"]
[Black "Hu, Yu A."]
[Result "1-0"]
[ECO "E54"]
[WhiteElo "2112"]
[BlackElo "2074"]
[Annotator "NA RC"]
[PlyCount "81"]
[EventDate "2022.09.07"]
[EventType "team-tourn"]
[EventCountry "CHN"]
[SourceTitle "playchess.com"]
[Source "ChessBase"]
[SourceQuality "1"]
[TimeControl "1500+10"]

1. d4 Nf6 2. c4 e6 3. Nc3 Bb4 4. e3 O-O 5. Bd3 d5 6. Nf3 dxc4 7. Bxc4 c5 8. O-O cxd4 9. Nxd4 a6 10. Qb3 Qe7 11. a3 Bd6 12. f4 e5 13. Nf3 Nc6 14. Nd5 Nxd5 15. Bxd5 exf4 16. exf4 Bc5+ 17. Kh1 Bg4 18. Bd2 Rad8 19. Bc3 Bxf3 20. Bxf3 Nd4 21. Qxb7 Qh4 22. b4 Rb8 23. Qd5 Nxf3 24. Qxf3 Bd6 25. Rad1 Rbd8 26. Be5 Bxe5 27. Rxd8 Rxd8 28. fxe5 Qe7 29. Qe2 Qe6 30. a4 h6 31. b5 axb5 32. axb5 Rd5 33. Re1 Qb6 34. Rb1 Qe6 35. b6 Rxe5 36. Qf1 Rf5 37. Qd1 Qc8 38. b7 Qb8 39. Qd7 Rc5 40. h3 Rc2 41. Re1 1-0

[Event "Chinese League Div-A Rapid 2022"]
[Site "Fuling,Chongqing"]
[Date "2022.09.15"]
[Round "8.1"]
[White "Zhao, Jun"]
[Black "Lou, Yiping"]
[Result "0-1"]
[ECO "C50"]
[WhiteElo "2619"]
[BlackElo "2485"]
[Annotator "ChessBase"]
[PlyCount "50"]
[EventDate "2022.09.07"]
[EventType "team-tourn"]
[EventCountry "CHN"]
[SourceTitle "playchess.com"]
[Source "ChessBase"]
[SourceQuality "1"]
[TimeControl "1500+10"]

1. e4 e5 2. Nf3 Nc6 3. Bc4 Bc5 4. d3 Nf6 5. Bg5 h6 6. Bh4 d6 7. a4 a6 8. Nbd2 Ba7 9. c3 O-O 10. b4 g5 11. Bg3 Kg7 12. Qe2 Ne7 13. d4 exd4 14. Nxd4 Ng6 15. O-O Re8 16. Bb3 c5 17. bxc5 dxc5 18. Qc4 Nh8 19. e5 Nh5 20. N4f3 Nxg3 21. hxg3 g4 22. Rad1 gxf3 23. Ne4 Be6 24. Rxd8 Rc8 25. Rxe8 Rxe8 0-1

[Event "Chinese League Div-A Rapid 2022"]
[Site "Fuling,Chongqing"]
[Date "2022.09.15"]
[Round "8.2"]
[White "Huang, Renjie"]
[Black "Xu, Yi"]
[Result "1/2-1/2"]
[ECO "B90"]
[WhiteElo "2446"]
[BlackElo "2507"]
[Annotator "ChessBase"]
[PlyCount "49"]
[EventDate "2022.09.07"]
[EventType "team-tourn"]
[EventCountry "CHN"]
[SourceTitle "playchess.com"]
[Source "ChessBase"]
[SourceQuality "1"]
[TimeControl "1500+10"]

1. e4 c5 2. Nf3 d6 3. d4 cxd4 4. Nxd4 Nf6 5. Nc3 a6 6. Bd3 e5 7. Nde2 Be7 8. O-O O-O 9. Ng3 Be6 10. Nd5 Nxd5 11. exd5 Bxd5 12. Bxh7+ Kxh7 13. Qxd5 Nc6 14. Nf5 Kg8 15. Rd1 Qc8 16. Qe4 Rd8 17. Bh6 gxh6 18. Qg4+ Kf8 19. Qg7+ Ke8 20. Qg8+ Bf8 21. Nxd6+ Rxd6 22. Rxd6 Ne7 23. Qh8 Ng6 24. Qg8 Ne7 25. Qh8 1/2-1/2

[Event "Chinese League Div-A Rapid 2022"]
[Site "Fuling,Chongqing"]
[Date "2022.09.15"]
[Round "8.3"]
[White "Liu, Qingnan"]
[Black "Zhang, Zhong"]
[Result "1-0"]
[ECO "C29"]
[WhiteElo "2542"]
[BlackElo "2617"]
[Annotator "ChessBase"]
[PlyCount "29"]
[EventDate "2022.09.07"]
[EventType "team-tourn"]
[EventCountry "CHN"]
[SourceTitle "playchess.com"]
[Source "ChessBase"]
[SourceQuality "1"]
[TimeControl "1500+10"]

1. e4 e5 2. Nc3 Nf6 3. f4 d5 4. fxe5 Nxe4 5. Qf3 Nxc3 6. bxc3 Be6 7. d4 Nd7 8. Bd3 c5 9. Ne2 Qb6 10. Be3 g6 11. Nf4 cxd4 12. cxd4 Qa5+ 13. Ke2 Nb6 14. Nxe6 fxe6 15. Qf6 1-0

[Event "Chinese League Div-A Rapid 2022"]
[Site "Fuling,Chongqing"]
[Date "2022.09.15"]
[Round "8.4"]
[White "Ning, Kaiyu"]
[Black "Hu, Yu A."]
[Result "1-0"]
[ECO "D42"]
[WhiteElo "2374"]
[BlackElo "2074"]
[Annotator "ChessBase"]
[PlyCount "129"]
[EventDate "2022.09.07"]
[EventType "team-tourn"]
[EventCountry "CHN"]
[SourceTitle "playchess.com"]
[Source "ChessBase"]
[SourceQuality "1"]
[TimeControl "1500+10"]

1. c4 e6 2. Nf3 Nf6 3. Nc3 d5 4. e3 c5 5. cxd5 Nxd5 6. d4 Nc6 7. Bd3 Be7 8. O-O Nxc3 9. bxc3 O-O 10. c4 cxd4 11. exd4 b6 12. Bb2 Bb7 13. Rc1 Rc8 14. Bb1 Bf6 15. Qe2 Qe7 16. Rfe1 Qd6 17. Rcd1 Ba6 18. d5 exd5 19. Qc2 g6 20. Rxd5 Nb4 21. Rxd6 Nxc2 22. Bxf6 Nxe1 23. Nxe1 Rxc4 24. Rd1 Rc6 25. Bb2 Be2 26. Rd2 Re8 27. f3 Bc4 28. Kf2 h5 29. Nc2 Rce6 30. Nd4 Re1 31. Be4 Rf1+ 32. Kg3 Bxa2 33. Nc6 a5 34. Bd4 Be6 35. Bxb6 a4 36. Bc5 Rc1 37. Ba3 Rc3 38. Bb2 Rc5 39. Nb4 Rb8 40. Na6 h4+ 41. Kf2 Rxb2 42. Rxb2 Ra5 43. Nb4 a3 44. Rb1 a2 45. Ra1 Rb5 46. Nc6 f5 47. Nd4 Rb2+ 48. Ke3 Bf7 49. Bc2 Rb4 50. f4 Kf8 51. g3 hxg3 52. hxg3 Rb8 53. Kd3 Ra8 54. Bb3 Ra3 55. Kc3 Bxb3 56. Nxb3 Kf7 57. Kb2 Ra4 58. Rxa2 Rxa2+ 59. Kxa2 g5 60. Nd4 gxf4 61. gxf4 Kg6 62. Kb3 Kh5 63. Kc4 Kg4 64. Ne6 Kf3 65. Kd5 1-0

[Event "Chinese League Div-A Rapid 2022"]
[Site "Fuling,Chongqing"]
[Date "2022.09.15"]
[Round "8.5"]
[White "Ni, Shiqun"]
[Black "Gu, Xiaobing"]
[Result "1/2-1/2"]
[ECO "B51"]
[WhiteElo "2371"]
[BlackElo "2219"]
[Annotator "ChessBase"]
[PlyCount "99"]
[EventDate "2022.09.07"]
[EventType "team-tourn"]
[EventCountry "CHN"]
[SourceTitle "playchess.com"]
[Source "ChessBase"]
[SourceQuality "1"]
[TimeControl "1500+10"]

1. e4 c5 2. Nf3 d6 3. Bb5+ Nc6 4. O-O Bd7 5. Re1 Nf6 6. h3 a6 7. Bf1 g6 8. c3 Bg7 9. d4 cxd4 10. cxd4 d5 11. e5 Ne4 12. Be3 O-O 13. Nbd2 Nxd2 14. Qxd2 Qb6 15. Rac1 Rac8 16. Rc5 e6 17. Rec1 Ne7 18. b4 Rfe8 19. a3 Bf8 20. Bh6 Bxh6 21. Qxh6 Nf5 22. Qf4 Rxc5 23. Rxc5 Qd8 24. g4 Nh4 25. Nxh4 Qxh4 26. Rc7 Qd8 27. Rxb7 Rf8 28. Qc1 Ba4 29. Bxa6 Qh4 30. Bf1 h5 31. Qf4 hxg4 32. Qxg4 Qh6 33. Rc7 Qd2 34. b5 Bd1 35. Qh4 Qa5 36. Rc1 Qd2 37. Rc5 g5 38. Qh6 Qxd4 39. Rc1 Qd2 40. Rb1 Bc2 41. Rb4 d4 42. b6 Be4 43. h4 Qd1 44. b7 Qf3 45. hxg5 Qg4+ 46. Kh2 Qf4+ 47. Kg1 Qg4+ 48. Kh2 Qf4+ 49. Kg1 Qg4+ 50. Kh2 1/2-1/2

[Event "Chinese League Div-A Rapid 2022"]
[Site "Fuling,Chongqing"]
[Date "2022.09.15"]
[Round "8.6"]
[White "Xiao, Tong"]
[Black "Li, Di"]
[Result "0-1"]
[ECO "C67"]
[WhiteElo "2027"]
[BlackElo "2575"]
[Annotator "ChessBase"]
[PlyCount "108"]
[EventDate "2022.09.07"]
[EventType "team-tourn"]
[EventCountry "CHN"]
[SourceTitle "playchess.com"]
[Source "ChessBase"]
[SourceQuality "1"]
[TimeControl "1500+10"]

1. e4 e5 2. Nf3 Nc6 3. Bb5 Nf6 4. O-O Nxe4 5. d4 Nd6 6. Bxc6 dxc6 7. dxe5 Nf5 8. Qxd8+ Kxd8 9. Nc3 Ke8 10. b3 Bb4 11. Ne4 Be6 12. c4 Be7 13. Bb2 h5 14. Rad1 a5 15. Rfe1 Rh6 16. Nd4 Nxd4 17. Bxd4 h4 18. f3 a4 19. Ra1 b6 20. Kf2 Rh5 21. Bc3 c5 22. Ke3 Kd7 23. Red1+ Kc6 24. Bb2 Rf8 25. Kf2 Ra8 26. Ke3 Bg5+ 27. f4 Be7 28. Rf1 Bf5 29. Rad1 Rhh8 30. Rd2 Rhd8 31. Rfd1 Rxd2 32. Rxd2 axb3 33. axb3 b5 34. Nc3 bxc4 35. bxc4 Bf8 36. Kf3 Rb8 37. Nd5 Rb3+ 38. Ne3 g6 39. g3 hxg3 40. hxg3 Bd3 41. g4 Bxc4 42. Ke4 Ba6 43. Rh2 Bd3+ 44. Kf3 c4 45. Bd4 c3 46. f5 gxf5 47. gxf5 c2 48. Nxc2 Bxc2+ 49. Kf4 Bb1 50. Rh8 Ba3 51. e6 Rb5 52. Rh1 Rxf5+ 53. Kg4 Be4 54. Ra1 Bd6 0-1

[Event "Chinese League Div-A Rapid 2022"]
[Site "Fuling,Chongqing"]
[Date "2022.09.15"]
[Round "8.7"]
[White "Zhou, Weiqi"]
[Black "Xu, Xiangyu"]
[Result "1/2-1/2"]
[ECO "D27"]
[WhiteElo "2597"]
[BlackElo "2571"]
[Annotator "ChessBase"]
[PlyCount "94"]
[EventDate "2022.09.07"]
[EventType "team-tourn"]
[EventCountry "CHN"]
[SourceTitle "playchess.com"]
[Source "ChessBase"]
[SourceQuality "1"]
[TimeControl "1500+10"]

1. d4 Nf6 2. Nf3 d5 3. c4 e6 4. Nc3 dxc4 5. e3 a6 6. a4 c5 7. Bxc4 Nc6 8. O-O Be7 9. dxc5 Qxd1 10. Rxd1 Bxc5 11. b3 Be7 12. Bb2 O-O 13. h3 b6 14. e4 Nd7 15. Rac1 Na5 16. Nd4 Nc5 17. Ba3 Re8 18. Bxc5 Bxc5 19. Na2 Rd8 20. b4 Bxd4 21. bxa5 bxa5 22. Bd5 Bxf2+ 23. Kxf2 exd5 24. Nc3 Bd7 25. Rxd5 Be8 26. Ke3 Rdc8 27. Rxa5 Rc4 28. Kd2 Kf8 29. Rb1 Rd8+ 30. Rd5 Rdc8 31. Rb3 Bxa4 32. Ra3 Bc6 33. Rd3 Bb7 34. Ke3 h5 35. g4 hxg4 36. hxg4 Re8 37. Rd4 Rxd4 38. Kxd4 f6 39. Ra5 g5 40. Rc5 Kf7 41. Rc7+ Re7 42. Rc5 Kg6 43. Nd5 Rh7 44. Rc4 a5 45. Ra4 Rh4 46. Ne3 Bc8 47. Nf5 Bxf5 1/2-1/2

[Event "Chinese League Div-A Rapid 2022"]
[Site "Fuling,Chongqing"]
[Date "2022.09.15"]
[Round "8.8"]
[White "Lin, Yi"]
[Black "Zhao, Yuanhe"]
[Result "1/2-1/2"]
[ECO "D14"]
[WhiteElo "2394"]
[BlackElo "2440"]
[Annotator "ChessBase"]
[PlyCount "62"]
[EventDate "2022.09.07"]
[EventType "team-tourn"]
[EventCountry "CHN"]
[SourceTitle "playchess.com"]
[Source "ChessBase"]
[SourceQuality "1"]
[TimeControl "1500+10"]

1. d4 d5 2. c4 c6 3. cxd5 cxd5 4. Nf3 Nf6 5. Nc3 Nc6 6. Bf4 Bf5 7. e3 e6 8. Bd3 Bxd3 9. Qxd3 Bd6 10. Bxd6 Qxd6 11. O-O O-O 12. Rfc1 Rfc8 13. h3 h6 14. Ne2 Ne7 15. Rxc8+ Rxc8 16. Rc1 Rxc1+ 17. Nxc1 Ne4 18. Nd2 Nxd2 19. Qxd2 Qc6 20. Ne2 g6 21. Qc1 Qxc1+ 22. Nxc1 h5 23. h4 Nf5 24. g3 Kf8 25. Kf1 Ke7 26. Ke2 Kd6 27. Nd3 Ke7 28. Kd2 Kd6 29. Ke2 Ke7 30. Kd2 Kd6 31. Ke2 Ke7 1/2-1/2

[Event "Chinese League Div-A Rapid 2022"]
[Site "Fuling,Chongqing"]
[Date "2022.09.15"]
[Round "8.9"]
[White "Chu, Ruotong"]
[Black "Zhou, Guijue"]
[Result "1/2-1/2"]
[ECO "E05"]
[WhiteElo "2185"]
[BlackElo "2225"]
[Annotator "ChessBase"]
[PlyCount "61"]
[EventDate "2022.09.07"]
[EventType "team-tourn"]
[EventCountry "CHN"]
[SourceTitle "playchess.com"]
[Source "ChessBase"]
[SourceQuality "1"]
[TimeControl "1500+10"]

1. c4 Nf6 2. Nf3 e6 3. g3 d5 4. Bg2 Be7 5. d4 O-O 6. O-O dxc4 7. Qa4 a6 8. Qxc4 b5 9. Qc2 Bb7 10. Bd2 Be4 11. Qc1 c6 12. Rd1 Bxf3 13. Bxf3 Qxd4 14. a4 b4 15. Be3 Qe5 16. Nd2 Qc7 17. Nc4 Nd5 18. a5 Nxe3 19. Qxe3 Nd7 20. Nb6 Nxb6 21. Qxb6 Rfc8 22. Rdc1 Qxb6 23. axb6 Rab8 24. Rxa6 Bd8 25. Rxc6 Rxc6 26. Bxc6 Bxb6 27. Ra8 Rxa8 28. Bxa8 b3 29. Bc6 Bd4 30. Ba4 Bxb2 31. Bxb3 1/2-1/2

[Event "Chinese League Div-A Rapid 2022"]
[Site "Fuling,Chongqing"]
[Date "2022.09.15"]
[Round "8.10"]
[White "Ren, Xiaoyi"]
[Black "Zhao, Shengxin"]
[Result "1/2-1/2"]
[ECO "D38"]
[WhiteElo "2250"]
[BlackElo "2112"]
[Annotator "ChessBase"]
[PlyCount "43"]
[EventDate "2022.09.07"]
[EventType "team-tourn"]
[EventCountry "CHN"]
[SourceTitle "playchess.com"]
[Source "ChessBase"]
[SourceQuality "1"]
[TimeControl "1500+10"]

1. d4 Nf6 2. c4 e6 3. Nf3 Bb4+ 4. Nc3 d5 5. cxd5 exd5 6. Bg5 h6 7. Bh4 c5 8. e3 c4 9. Nd2 g5 10. Bg3 Bf5 11. h4 Rg8 12. hxg5 hxg5 13. Be5 Bxc3 14. bxc3 Nbd7 15. Bg3 Kf8 16. Qf3 Bg6 17. Bd6+ Kg7 18. Qh3 Rh8 19. Qxh8+ Qxh8 20. Rxh8 Rxh8 21. a4 Ng4 22. e4 1/2-1/2

[Event "Chinese League Div-A Rapid 2022"]
[Site "Fuling,Chongqing"]
[Date "2022.09.15"]
[Round "8.11"]
[White "Peng, Xiongjian"]
[Black "Chen, Yuan"]
[Result "1-0"]
[ECO "E09"]
[WhiteElo "2454"]
[BlackElo "2138"]
[Annotator "ChessBase"]
[PlyCount "107"]
[EventDate "2022.09.07"]
[EventType "team-tourn"]
[EventCountry "CHN"]
[SourceTitle "playchess.com"]
[Source "ChessBase"]
[SourceQuality "1"]
[TimeControl "1500+10"]

1. Nf3 e6 2. g3 Nf6 3. Bg2 d5 4. O-O Be7 5. c4 O-O 6. d4 c6 7. Qc2 Nbd7 8. Nbd2 c5 9. cxd5 exd5 10. Rd1 b6 11. dxc5 Nxc5 12. Nd4 Bb7 13. Nf5 Re8 14. Nf1 Bf8 15. Bg5 Rc8 16. Qd2 Nce4 17. Qf4 Nxg5 18. Qxg5 g6 19. N1e3 Ne4 20. Nh6+ Bxh6 21. Qxh6 Qf6 22. Ng4 Qg7 23. Qxg7+ Kxg7 24. Ne3 Re5 25. a4 Rce8 26. Ra3 Nd6 27. Rc3 R8e7 28. Bxd5 Ba6 29. Rc2 Ne8 30. Bf3 Nf6 31. b4 Bb7 32. Bxb7 Rxb7 33. Rc6 Re4 34. Rc4 Rbe7 35. Rdd4 Rxd4 36. Rxd4 h5 37. Kf1 Rc7 38. Ke1 Rc1+ 39. Kd2 Ra1 40. b5 Kf8 41. h4 Ke7 42. Nc2 Rf1 43. f3 Nd7 44. Nb4 Nc5 45. Ke3 Ra1 46. Nc6+ Ke6 47. Nxa7 Nxa4 48. Nc8 Nc3 49. Rd6+ Ke5 50. Rd3 Nd5+ 51. Kf2 Rb1 52. f4+ Ke6 53. e4 Rb2+ 54. Kf3 1-0